 Dungeon Crawl Stone Soup version 0.18-a0-674-g00855b9 (webtiles) character file.

324 Hedron the Ogre Mage (level 6, -5/53 HPs)
             Began as an Ogre Wizard on Dec 6, 2015.
             Was a Priest of Makhleb.
             Slain by a slave (6 damage)
             ... led by Pikel
             ... on level 3 of the Dungeon.
             The game lasted 00:21:13 (5631 turns).

Hedron the Ogre Mage (Ogre Wizard)                  Turns: 5631, Time: 00:21:13

Health: -5/53      AC:  4    Str: 13    XL:     6   Next: 48%
Magic:  0/15       EV: 10    Int: 17    God:    Makhleb [***...]
Gold:   103        SH:  0    Dex: 10    Spells: 7 memorised, 2 levels left

rFire  + . .     SeeInvis +     n - +1 whip
rCold  + . .     Clarity  .     a - +0 robe
rNeg   . . .     SustAt   .     (no shield)
rPois  .         Gourm    .     b - +1 hat
rElec  .         Spirit   .     (no cloak)
rCorr  .         Dismiss  .     (gloves unavailable)
rMut   .         Stasis   .     (boots unavailable)
MR     .....                    (no amulet)
Stlth  +.........               o - ring of see invisible
                                p - ring of protection from fire

@: very slightly contaminated, repel missiles, not resistant to hostile
enchantments, very unstealthy
A: unfitting armour, cold resistance 1, tough skin 1
a: Minor Destruction, Lesser Servant of Makhleb, Renounce Religion


You were on level 3 of the Dungeon.
You worshipped Makhleb.
Makhleb was most pleased with you.
You were not hungry.

You visited 1 branch of the dungeon, and saw 4 of its levels.
You also visited: Sewer.

You collected 103 gold pieces.

Inventory:

Hand Weapons
 n - a +1 whip (weapon)
Armour
 a - a +0 robe (worn)
 b - a +1 hat (worn)
Jewellery
 o - a ring of see invisible (right hand)
 p - a ring of protection from fire (left hand)
Scrolls
 e - 3 scrolls of teleportation
 f - 2 scrolls of remove curse
 k - 3 scrolls of fear
 l - a scroll of recharging
 m - a scroll of fog
 t - a scroll of enchant weapon
Potions
 i - a potion of haste
 j - a potion of flight
 r - a potion of invisibility
 u - a potion of lignification {unknown}
Books
 c - a book of Minor Magic

   Spells                             Type                      Level
   a - Magic Dart                     Conjuration                  1
   b - Blink                          Translocation                2
   c - Call Imp                       Summoning                    2
   d - Repel Missiles                 Charms/Air                   2
   e - Slow                           Hexes                        2
   f - Conjure Flame                  Conjuration/Fire             3
   g - Mephitic Cloud                 Conjuration/Poison/Air       3
 q - a book of Clouds

   Spells                             Type                      Level
   a - Mephitic Cloud                 Conjuration/Poison/Air       3
   b - Conjure Flame                  Conjuration/Fire             3
   c - Poisonous Cloud                Conjuration/Poison/Air       6
   d - Freezing Cloud                 Conjuration/Ice/Air          6
   e - Ring of Flames                 Charms/Fire                  7
Comestibles
 d - 3 bread rations
 h - a meat ration


   Skills:
 + Level 4.2 Maces & Flails
 - Level 1.7 Dodging
 - Level 1.5 Stealth
 * Level 6.2 Spellcasting
 + Level 2.0 Conjurations
 - Level 0.6 Summonings
 - Level 0.6 Translocations


You had 2 spell levels left.
You knew the following spells:

 Your Spells              Type           Power        Failure   Level  Hunger
a - Magic Dart            Conj           ##..         6%          1    None
b - Blink                 Tloc           N/A          17%         2    None
c - Call Imp              Summ           #.......     17%         2    None
d - Repel Missiles        Chrm/Air       #.....       21%         2    None
e - Slow                  Hex            #.......     21%         2    None
f - Conjure Flame         Conj/Fire      #.......     24%         3    ##.....
g - Mephitic Cloud        Conj/Pois/Air  #.......     30%         3    ##.....


Dungeon Overview and Level Annotations

Branches:
Dungeon (4/15)
 Temple: D:4-7

Altars:
Ashenzari
Makhleb
Pakellas
Vehumet

Annotations:
D:4 Pikel


Innate Abilities, Weirdness & Mutations

You are too large for most types of armour.
You have tough skin (AC +1).
Your flesh is cold resistant.


Message History

The slave is lightly wounded.
The slave hits you.
* * * LOW HITPOINT WARNING * * *
You hit the slave.
The slave is moderately wounded.
The slave barely misses you.
You barely miss the slave.
The slave is moderately wounded.
The slave hits you.
* * * LOW HITPOINT WARNING * * *
You hit the slave.
The slave is moderately wounded.
You whack the slave!
The slave is severely wounded.
The slave hits you.
* * * LOW HITPOINT WARNING * * *
You closely miss the slave.
The slave is severely wounded.
The slave hits you.
You die...

...#...#.....#≈≈≈≈.≈#≈# #####
.............#≈##≈≈##≈# #...#
#....#......##≈≈####≈≈###...#
####.#......#≈≈≈≈≈≈≈≈≈≈##...#
# #...##...##≈≈####≈≈###...#
##........####..####.....#
#######......## #.....[.#...#
..............###....####.5.#
#####...........@p..........#
##...........###...........#
##..#..........##........####
...##............>.......#
#####.........###[.......#
#.........# #####(...#
#.........# #....#
########### #....# #....#


You could see a slave.

Vanquished Creatures
  A slave (D:3)
  6 adders
  11 oozes (Sewer)
  A worm (D:3)
  14 giant geckos
  2 orcs (D:3)
  11 bats
  12 giant cockroaches
  6 goblins
  9 hobgoblins
  6 jackals
  7 kobolds
  14 ball pythons (Sewer)
  11 giant newts
  10 rats
121 creatures vanquished.

Vanquished Creatures (collateral kills)
  A slave (D:3)
  A giant frog (Sewer)
  An iguana (D:3)
  An adder (D:2)
  A worm (D:3)
  A giant gecko (Sewer)
  3 orcs (D:3)
9 creatures vanquished.

Grand Total: 130 creatures vanquished

Notes
Turn   | Place    | Note
--------------------------------------------------------------
     0 | D:1      | Hedron the Ogre Wizard began the quest for the Orb.
     0 | D:1      | Reached XP level 1. HP: 16/16 MP: 5/5
   356 | D:1      | Reached skill level 4 in Spellcasting
   396 | D:1      | Reached XP level 2. HP: 24/24 MP: 0/7
   472 | D:1      | Learned a level 2 spell: Blink
   475 | D:1      | Learned a level 2 spell: Call Imp
   478 | D:1      | Learned a level 2 spell: Repel Missiles
   481 | D:1      | Learned a level 2 spell: Slow
   793 | D:1      | Reached skill level 1 in Maces & Flails
  1265 | D:1      | Reached XP level 3. HP: 31/31 MP: 6/8
  1465 | D:1      | Gained mutation: Your flesh is cold resistant. [potion of beneficial mutation]
  1469 | D:2      | Found an oddly glowing altar of Pakellas.
  2152 | D:2      | Reached XP level 4. HP: 39/39 MP: 5/10
  2195 | D:2      | Learned a level 3 spell: Conjure Flame
  2327 | D:2      | Reached skill level 5 in Spellcasting
  2457 | D:2      | Found a burning altar of Makhleb.
  2467 | D:2      | Found a radiant altar of Vehumet.
  2493 | D:2      | Became a worshipper of Makhleb the Destroyer
  2836 | D:3      | Found a glowing drain.
  3008 | Sewer    | Entered a sewer
  3148 | Sewer    | Reached * piety under Makhleb
  3148 | Sewer    | Reached skill level 1 in Conjurations
  3480 | Sewer    | Reached XP level 5. HP: 45/45 MP: 0/12
  3851 | Sewer    | Reached ** piety under Makhleb
  4575 | Sewer    | Reached skill level 6 in Spellcasting
  4575 | Sewer    | Reached XP level 6. HP: 15/53 MP: 0/15
  4816 | Sewer    | Learned a level 3 spell: Mephitic Cloud
  4846 | D:3      | Found a shattered altar of Ashenzari.
  4899 | D:3      | Reached *** piety under Makhleb
  5501 | D:4      | Noticed Pikel
  5630 | D:3      | HP: 1/53 [slave[Pikel] (3)]
  5631 | D:3      | Slain by a slave

Vault maps used:
D:1:      eino_arrival_druids_welcome, st_stairs_4
D:2:      amethyst_overflow_temple_binary, overflow_temple_1_default
D:3:      gup_sewer_entry_bubbles, nicolae_ashenzari_panopticon
D:4:      lemuel_round_altar, kennysheep_mini_moat, lemuel_doored_altar,
          temple_statues, first_bread, hangedman_glass_teeth, uniq_pikel,
          uniq_eustachio, uniq_natasha, uniq_edmund
Sewer:    sewer_frog_island_02

Action                   |  1- 3 |  4- 6 || total
-------------------------+-------+-------++-------
Melee: Whip              |    31 |   116 ||   147
       Club              |     1 |       ||     1
       Dagger            |    12 |       ||    12
 Cast: Magic Dart        |    81 |   222 ||   303
       Call Imp          |     3 |    17 ||    20
       Repel Missiles    |     1 |       ||     1
       Slow              |       |     4 ||     4
       Blink             |       |     2 ||     2
  Use: Scroll            |    10 |     6 ||    16
       Potion            |     1 |     2 ||     3
  Eat: Chunk             |     4 |    11 ||    15
